 Dungeon Crawl Stone Soup version 0.27.1-33-g824d729ab1 (webtiles) character file.

Game seed: 7232254538382610233

299 potato4science the Shield-Bearer (level 6, -2/49 HPs)
             Began as a Formicid Fighter on Dec 25, 2021.
             Slain by an ogre (30 damage)
             ... on level 4 of the Dungeon.
             The game lasted 00:09:40 (3718 turns).

potato4science the Shield-Bearer (Formicid Fighter) Turns: 3718, Time: 00:09:40

Health: -2/49      AC: 12    Str: 21    XL:     6   Next: 63%
Magic:  6/6        EV:  5    Int:  9    God:
Gold:   89         SH: 10    Dex: 10    Spells: 5/5 levels left

rFire    . . .     SeeInvis +   a - +0 war axe
rCold    . . .     Faith    .   c - +0 kite shield
rNeg     . . .     Spirit   .   g - +0 plate armour
rPois    .         Reflect  .   (helmet unavailable)
rElec    .         Harm     .   (no cloak)
rCorr    .         Rampage  .   (no gloves)
Will     .....                  (no boots)
Stlth    ..........             (no amulet)
HPRegen  0.16/turn              n - ring of flight
MPRegen  0.10/turn              (no ring)

@: flying
A: permanent stasis, dig shafts and tunnels, antennae 3, four strong arms
a: Dig, Shaft Self


You were on level 4 of the Dungeon.
You visited 1 branch of the dungeon, and saw 4 of its levels.

You collected 89 gold pieces.

Inventory:

Hand Weapons
 a - a +0 war axe (weapon)
 b - a +0 hunting sling
Missiles
 i - 76 stones (quivered)
 k - 7 javelins
 l - 18 bolts
 t - 2 sling bullets
Armour
 c - a +0 kite shield (worn)
 g - a +0 plate armour (worn)
 o - a +0 cloak
Jewellery
 n - a ring of flight (left hand)
Potions
 d - 2 potions of might
 f - 2 potions of curing
 m - a potion of lignification {unknown}
 p - a potion of haste {unknown}
 q - a potion of cancellation {unknown}


   Skills:
 + Level 4.7 Fighting
 + Level 3.6 Axes
 + Level 4.7 Armour
 + Level 5.1 Shields


You had 5 spell levels left.
You didn't know any spells.
Your spell library was empty.

Dungeon Overview and Level Annotations

Branches:
Dungeon (4/15)
 Temple: D:4-7

Altars:
Uskayaw

Annotations:
D:4 Menkaure


Innate Abilities, Weirdness & Mutations

You cannot be hasted, slowed, berserked, paralysed or teleported.
You can dig through walls and to a lower floor.
You have a pair of large antennae on your head. (SInv)
Your four strong arms can wield two-handed weapons with a shield.


Message History

Found a pair of gloves.
There is a stone staircase leading up here.
You throw a stone. The stone hits the worm.
The worm is lightly wounded.
You throw a stone. The stone hits the worm.
The worm is lightly wounded.
You throw a stone. The ogre shouts!
The stone hits the worm.
The worm is lightly wounded.
You hear a bark! x2
You barely miss the worm.
The worm is lightly wounded.
The worm bites you. You block the worm's attack.
You fly upwards.
There is a stone staircase leading down here.
You slash the worm!
The worm is heavily wounded.
You slash the worm!
You kill the worm!
HP restored.
There is a stone staircase leading down here.
You fly downwards.
Level annotation: Menkaure
There is a stone staircase leading up here.
You slash the ogre!
The ogre is heavily wounded.
The ogre hits you with a +0 giant club!
You hit the ogre.
The ogre is severely wounded.
The ogre hits you with a +0 giant club.
You slash the ogre!
The ogre is almost dead.
The ogre hits you with a +0 giant club.
You hit the ogre but do no damage.
The ogre is almost dead.
The ogre hits you with a +0 giant club!!
Ouch! That really hurt!
You die...

.. ##. # . ... ?.
. .. ... . #.##.##
...#
#.O#.#...##....#
###{....)#....._.#
.[. #...# #(.
##.## #####(####@#
.........O.#
.......<...#
#####.>...##
#.###.# #. #.# #
#.# #.. ###


You could see an ogre.

Vanquished Creatures
  An ogre (D:4)
  Natasha (thrice) (D:3)
  An orc wizard (D:3)
  6 adders
  An ufetubus (D:3)
  A worm (D:3)
  2 orcs
  10 bats
  8 endoplasms
  2 giant cockroaches
  7 goblins
  8 jackals
  5 kobolds (D:1)
  A quokka (D:2)
  2 ball pythons
  3 frilled lizards
  7 rats
68 creatures vanquished.

Vanquished Creatures (others)
  A goblin (D:2)
1 creature vanquished.

Grand Total: 69 creatures vanquished

Notes
Turn   | Place    | Note
-------+----------+-------------------------------------------
     0 | D:1      | potato4science the Formicid Fighter began the quest for the
                  | Orb.
     0 | D:1      | Reached XP level 1. HP: 18/18 MP: 1/1
   110 | D:1      | Reached XP level 2. HP: 20/24 MP: 2/2
   385 | D:1      | Reached skill level 4 in Shields
   385 | D:1      | Reached XP level 3. HP: 29/29 MP: 3/3
   692 | D:1      | You fall into a shaft and drop 1 floor!
   972 | D:2      | Reached XP level 4. HP: 23/37 MP: 4/4
  2246 | D:3      | Noticed Natasha
  2260 | D:3      | Killed Natasha
  2261 | D:3      | Reached XP level 5. HP: 26/42 MP: 5/5
  2738 | D:3      | Noticed Natasha
  2748 | D:3      | Killed Natasha
  2855 | D:3      | Noticed Natasha
  2870 | D:3      | Killed Natasha
  2980 | D:3      | Reached XP level 6. HP: 49/49 MP: 6/6
  3116 | D:4      | Found a hide-covered altar of Uskayaw.
  3116 | D:4      | Noticed an ogre
  3154 | D:4      | Noticed an ogre
  3166 | D:4      | Killed an ogre
  3167 | D:4      | Reached skill level 5 in Shields
  3434 | D:4      | Noticed Menkaure
  3718 | D:4      | Slain by an ogre

Illustrated notes

Levels and vault maps discovered:
D:1:      wander_arrival_abandoned_jail, layout_basic
D:2:      layout_loops_cross, lemuel_flame_loot_1
D:3:      layout_basic, uniq_natasha
D:4:      layout_loops_ring, dancing_weapons_uskayaw,
          minmay_temple_entry_large_hall, uniq_sigmund, uniq_menkaure,
          uniq_edmund

Skill      XL: |  1  2  3  4  5  6 |
---------------+-------------------+-----
Shields        | 4 5 |  5.1
Fighting       | 4 |  4.7
Armour         | 4 |  4.7
Axes           | 3 |  3.6

Action                   |  1- 3 |  4- 6 || total
-------------------------+-------+-------++-------
Melee: War axe           |    91 |   153 ||   244
 Fire: Hunting sling     |       |    23 ||    23
Throw: Stone             |     3 |    21 ||    24
  Use: Scroll            |       |     5 ||     5
Armor: Scale mail        |    23 |       ||    23
       Plate armour      |    62 |   115 ||   177
Dodge: Dodged            |    26 |    30 ||    56
Block: Kite shield       |    63 |   105 ||   168
